 Dungeon Crawl Stone Soup version 0.30-a0-757-ga6a79fd877 (webtiles) character file.

Game seed: 3102963732607512047

744 Darius099 the Cleaver (level 7, -1/58 HPs)
             Began as a Minotaur Fighter on Feb 9, 2023.
             Slain by a gnoll bouda
             ... wielding a +0 whip
              (7 damage)
             ... on level 4 of the Dungeon on Feb 10, 2023.
             The game lasted 00:07:03 (3078 turns).

Darius099 the Cleaver (Minotaur Fighter)            Turns: 3078, Time: 00:07:03

Health: -1/58      AC: 10    Str: 23    XL:     7   Next: 47%
Magic:  6/6        EV:  7    Int:  5    God:
Gold:   181        SH:  4    Dex:  9    Spells: 6/6 levels left

rFire   . . .      SeeInvis .    a - +0 war axe
rCold   . . .      Faith    .    c - +0 buckler
rNeg    . . .      Spirit   .    l - +0 chain mail
rPois   .          Reflect  .    (helmet restricted)
rElec   .          Harm     .    b - +0 cloak
rCorr   .          Rampage  .    (no gloves)
Will    .....                    (no boots) Stlth
                                 (no amulet)
HPRegen 0.29/turn                (no ring)
MPRegen 0.10/turn                (no ring)

@: weakened
A: horns 2, retaliatory headbutt
a: no special abilities


You were on level 4 of the Dungeon.
You visited 1 branch of the dungeon, and saw 4 of its levels.

You collected 181 gold pieces.

Inventory:

Hand Weapons
 a - a +0 war axe (weapon)
Missiles
 h - 51 stones (quivered)
Armour
 b - a +0 cloak (worn)
 c - a +0 buckler (worn)
 l - a +0 chain mail (worn)
Scrolls
 g - 2 scrolls of teleportation {unknown}
 i - 2 scrolls of brand weapon {unknown}
 k - 4 scrolls of identify {unknown}
 o - a scroll of amnesia {unknown}
 q - a scroll of immolation {unknown}
 r - a scroll of noise {unknown}
Potions
 d - 3 potions of might
 e - a potion of degeneration {unknown}
 f - a potion of resistance {unknown}
 j - 2 potions of curing {unknown}
 m - 2 potions of haste {unknown}
 n - 2 potions of attraction {unknown}
 p - a potion of brilliance {unknown}
 s - a potion of mutation {unknown}


   Skills:
 - Level 3.8 Fighting
 + Level 10.0 Axes
 - Level 3.8 Armour
 - Level 3.8 Shields


You had 6 spell levels left.
You didn't know any spells.
Your spell library contained the following spells:

 Spells                   Type           Power      Damage    Failure   Level
 Beastly Appendage        Tmut           0%         N/A       99%         1
 Wereblood                Tmut           0%         N/A       100%        2
 Dazzling Flash           Conj/Hex       0%         N/A       100%        3
 Inner Flame              Hex/Fire       0%         N/A       100%        3
 Spider Form              Tmut/Pois      0%         N/A       100%        3
 Stone Arrow              Conj/Erth      0%         3d7       100%        3
 Animate Armour           Summ/Erth      0%         N/A       100%        4
 Cause Fear               Hex            0%         N/A       100%        4
 Agony                    Necr           0%         N/A       100%        5
 Silence                  Hex/Air        0%         N/A       100%        5
 Discord                  Hex            0%         N/A       100%        8
 Lehudib's Crystal Spear  Conj/Erth      0%         10d2      100%        8


Dungeon Overview and Level Annotations

Branches:
Dungeon (4/15)
 Temple: D:4-7

Altars:
Kikubaaqudgha
Vehumet


Innate Abilities, Weirdness & Mutations

You have a pair of horns on your head.
You reflexively headbutt those who attack you in melee.


Message History

You kill the goblin!
A gnoll bouda comes into view. It is wielding a +0 whip.
The hobgoblin hits you.
You barely miss the hobgoblin.
The gnoll bouda shouts!
You block the hobgoblin's attack.
You closely miss the hobgoblin. The hobgoblin barely misses you.
You completely miss the hobgoblin. You slash the ball python!
You kill the ball python!
The hobgoblin hits you but does no damage.
You hit the hobgoblin.
You kill the hobgoblin!
The gnoll bouda gazes fiercely through you!
You feel your attacks grow feeble. The hobgoblin closely misses you.
The gnoll bouda hits you but does no damage.
Things that are here:
a +0 glaive; a +2 robe of cold resistance; the orc corpse of Blork the orc You barely miss the gnoll bouda.
You closely miss the hobgoblin. You block the hobgoblin's attack.
The gnoll bouda hits you with a +0 whip.
* * * LOW HITPOINT WARNING * * *
You closely miss the gnoll bouda. Your headbutt misses the gnoll bouda.
You barely miss the hobgoblin. You block the hobgoblin's attack.
The gnoll bouda gazes fiercely through you!
You feel as though you will be weak longer.
You block the gnoll bouda's attack.
You hit the gnoll bouda.
You headbutt the gnoll bouda, but do no damage.
The gnoll bouda is lightly wounded.
You barely miss the hobgoblin. The hobgoblin hits you.
* * * LOW HITPOINT WARNING * * *
The gnoll bouda hits you with a +0 whip!
* * * LOW HITPOINT WARNING * * *
You hit the gnoll bouda.
The gnoll bouda is moderately wounded.
You hit the hobgoblin but do no damage. The hobgoblin hits you.
* * * LOW HITPOINT WARNING * * *
The gnoll bouda hits you with a +0 whip!
You die...

#>.....###.#.##
.#....†.#######
.........>##
...........#
#..#.......#
##.#......##
#.....$.##
#.##...)..# #
##.g@†.#
#..g.## #....##
#.?....#
#.###...# .
....# ......
......#


You could see a gnoll bouda and a hobgoblin.

Vanquished Creatures
  Sigmund (D:2)
  Blork the orc (D:4)
  A bullfrog (D:4)
  A scorpion (D:4)
  A jelly (D:4)
  An orc priest (D:3)
  A hound (D:4)
  A gnoll bouda (D:4)
  An iguana (D:4)
  Terence (D:2)
  2 orc wizards (D:3)
  3 gnolls (D:4)
  5 adders
  2 dart slugs (D:1)
  11 orcs
  An endoplasm (D:1)
  3 giant cockroaches
  7 goblins
  8 hobgoblins
  2 quokkas (D:3)
  7 ball pythons
  5 bats
  2 frilled lizards
  6 kobolds
  4 rats
78 creatures vanquished.

Notes
Turn   | Place    | Note
-------+----------+-------------------------------------------
     0 | D:1      | Darius099 the Minotaur Fighter began the quest for the Orb.
     0 | D:1      | Reached XP level 1. HP: 19/19 MP: 0/0
   265 | D:1      | Reached XP level 2. HP: 25/27 MP: 1/1
   370 | D:1      | Reached skill level 3 in Axes
   903 | D:2      | Upgraded the game from 0.30-a0-748-ge6a52f7cba to
                  | 0.30-a0-757-ga6a79fd877
  1163 | D:2      | Reached XP level 3. HP: 33/33 MP: 2/2
  1217 | D:2      | Reached skill level 4 in Axes
  1443 | D:2      | Noticed Sigmund
  1457 | D:2      | Killed Sigmund
  1458 | D:2      | Reached skill level 6 in Axes
  1458 | D:2      | Reached XP level 4. HP: 38/40 MP: 3/3
  1458 | D:2      | Reached XP level 5. HP: 44/46 MP: 4/4
  1472 | D:2      | Found an ancient bone altar of Kikubaaqudgha.
  1479 | D:2      | Noticed Terence
  1491 | D:2      | Killed Terence
  1492 | D:2      | Reached skill level 7 in Axes
  1954 | D:3      | Reached XP level 6. HP: 51/52 MP: 5/5
  2192 | D:3      | Found a faded altar of an unknown god.
  2368 | D:3      | Reached skill level 8 in Axes
  2596 | D:4      | Found a radiant altar of Vehumet.
  2720 | D:4      | Reached skill level 9 in Axes
  2720 | D:4      | Reached XP level 7. HP: 16/58 MP: 6/6
  3053 | D:4      | Noticed Blork the orc
  3064 | D:4      | Killed Blork the orc
  3068 | D:4      | Reached skill level 10 in Axes
  3078 | D:4      | Slain by a gnoll bouda

Illustrated notes

Levels and vault maps discovered:
D:1:      lemuel_arrival_cross, layout_loops_corners
D:2:      layout_loops_corners, basic_altar, uniq_sigmund, uniq_terence
D:3:      layout_loops_cross, shapermc_ecumenical_altar_venn
D:4:      layout_cave_pools, mainiacjoe_overflow_small_starburst,
          serial_park_tiny_2, hangedman_abyss_or_decor_stabs,
          minmay_pentomino_pile, uniq_blork_the_orc

Skill      XL: |  1  2  3  4  5  6  7 |
---------------+----------------------+-----
Axes           | 3 6 7 9 10 | 10.0
Fighting       | |  3.8
Armour         | |  3.8
Shields        | |  3.8

Action                     |  1- 3 |  4- 6 |  7- 9 || total
---------------------------+-------+-------+-------++-------
  Melee: War axe           |    52 |    83 |    47 ||   182
         Headbutt          |     4 |    11 |     7 ||    22
 Armour: Scale mail        |     9 |       |       ||     9
         Chain mail        |    11 |    42 |    22 ||    75
  Dodge: Dodged            |    21 |    32 |    20 ||    73
  Block: Buckler           |     9 |    15 |    12 ||    36

Table legend: (Time is in decaauts)
 A = Elapsed time spent in this place.
 B = Non-inter-level travel time spent in this place.
 C = Inter-level travel time spent in this place.
 D = Time resting spent in this place.
 E = Time spent auto-exploring this place.
 F = Levels seen in this place.
 G = Mean time per level.
                   A        B        C        D        E       F      G
               +--------+--------+--------+--------+--------+-----+--------+
         Total |   3112 |   2950 |    162 |    179 |   2195 |   4 |  778.0 |
       Dungeon |   3112 |   2950 |    162 |    179 |   2195 |   4 |  778.0 |
               +--------+--------+--------+--------+--------+-----+--------+

Top non-repeatable levels by time:
     D:2: 970 daAuts
     D:1: 913 daAuts
     D:3: 712 daAuts
     D:4: 516 daAuts
